 Dungeon Crawl Stone Soup version 0.19.4-9-g45fd643 (webtiles) character file.

457 Kosschaser the Chopper (level 7, -16/91 HPs)
             Began as a Hill Orc Berserker on Feb 17, 2017.
             Was a Priest of Trog.
             Demolished by lanroth's ghost (18 damage)
             ... on level 4 of the Dungeon.
             The game lasted 00:09:35 (2725 turns).

Kosschaser the Chopper (Hill Orc Berserker)         Turns: 2725, Time: 00:09:36

Health: -16/91     AC: 10    Str: 27    XL:     7   Next: 6%
Magic:  7/7        EV: 12    Int:  7    God:    Trog [***...]
Gold:   215        SH:  0    Dex: 10    Spells: 0 memorised, 6 levels left

rFire  . . .     SeeInvis .     a - +0 hand axe
rCold  + + .     Gourm    .     v - +3 leather armour {rC+}
rNeg   . . .     Faith    .     (no shield)
rPois  .         Spirit   .     s - +2 helmet
rElec  .         Reflect  .     (no cloak)
rCorr  +         Harm     .     (no gloves)
MR     ++...                    n - +0 pair of boots
Stlth  ..........               o - amulet of regeneration
                                q - ring of protection from cold
                                u - ring of resist corrosion

@: berserking, starving, regenerating, very quick
A: no striking features
a: Berserk, Trog's Hand, Burn Spellbooks, Renounce Religion


You were on level 4 of the Dungeon.
You worshipped Trog.
Trog was most pleased with you.
You were starving.

You visited 1 branch of the dungeon, and saw 4 of its levels.

You collected 215 gold pieces.

Inventory:

Hand Weapons
 a - a +0 hand axe (weapon)
Armour
 b - a +0 animal skin
 n - a +0 pair of boots (worn)
 s - a +2 helmet (worn)
 v - a +3 leather armour of cold resistance (worn)
Jewellery
 g - an uncursed amulet of magic regeneration
 o - an amulet of regeneration (around neck)
 q - a ring of protection from cold (right hand)
 u - a ring of resist corrosion (left hand)
Scrolls
 e - 2 scrolls of amnesia
 f - a scroll of fog
 i - 4 scrolls of magic mapping
 j - a scroll of recharging {unknown}
 l - 3 scrolls of fear
 m - 2 scrolls of remove curse
 x - a scroll of identify
Potions
 d - a potion of mutation {unknown}
 h - a potion of cancellation {unknown}
 p - a potion of heal wounds {unknown}
 r - a potion of magic {unknown}
 t - 4 potions of cure mutation {unknown}
 w - a potion of brilliance {unknown}
Comestibles
 c - 2 bread rations
 k - 3 meat rations


   Skills:
 + Level 5.2 Fighting
 + Level 7.5 Axes
 + Level 2.5 Armour
 + Level 3.4 Dodging
 - Level 0.5 Stealth


You had 6 spell levels left.
You didn't know any spells.

Dungeon Overview and Level Annotations

Branches:
Dungeon (4/15)
 Temple: D:4-7

Altars:
Okawaru
Ru

Annotations:
D:4 lanroth's ghost, amateur HuGl


Message History

Lanroth's ghost is heavily damaged.
Lanroth's ghost hits you but does no damage.
You are electrocuted!
You hit lanroth's ghost.
Lanroth's ghost is severely damaged.
Lanroth's ghost hits you.
You are electrocuted!
* * * LOW HITPOINT WARNING * * *
A red film seems to cover your vision as you go berserk!
You feel yourself moving faster!
You feel mighty!
You are starving!
Lanroth's ghost hits you but does no damage.
You are electrocuted!
* * * LOW HITPOINT WARNING * * *
You feel a strong urge to attack something.
You closely miss lanroth's ghost.
Lanroth's ghost is severely damaged.
Lanroth's ghost hits you.
* * * LOW HITPOINT WARNING * * *
You are electrocuted!
You die...

#...####'####
.###...####...##
...............#
...............#
....
...............#
......
..........(....#
.......
...............#
...>..
.#..##W.###...#
#...# ##
#@.###...###...##+
#................#.
#................#.
#................#.
#................#(
#................#.
#................'.
##...#..#..#..#.##.
# ##########.##.


You could see lanroth's ghost.

Vanquished Creatures
  Edmund (D:4)
  Duvessa (D:4)
  Dowan (D:4)
  A worker ant (D:4)
  A howler monkey zombie (D:3)
  Robin (D:4)
  4 adders
  3 worms
  A dart slug (D:1)
  5 leopard geckos
  5 orcs (D:3)
  6 giant cockroaches
  16 goblins
  8 hobgoblins
  4 jackals (D:3)
  A quokka (D:2)
  2 ball pythons
  7 bats
  3 frilled lizards
  9 kobolds
  8 rats
88 creatures vanquished.

Notes
Turn   | Place    | Note
-------+----------+-------------------------------------------
     0 | D:1      | Kosschaser the Hill Orc Berserker began the quest for the Orb.
     0 | D:1      | Reached XP level 1. HP: 19/19 MP: 1/1
    63 | D:1      | Reached XP level 2. HP: 13/27 MP: 0/2
   760 | D:2      | Reached XP level 3. HP: 31/33 MP: 3/3
  1024 | D:2      | Found an iron altar of Okawaru.
  1028 | D:2      | Reached ** piety under Trog
  1139 | D:2      | Reached XP level 4. HP: 30/40 MP: 4/4
  1180 | D:2      | Reached skill level 5 in Axes
  1466 | D:2      | Found a sacrificial altar of Ru.
  1924 | D:3      | Reached XP level 5. HP: 28/47 MP: 5/5
  2330 | D:4      | Noticed Robin
  2341 | D:4      | Reached *** piety under Trog
  2344 | D:4      | Killed Robin
  2403 | D:4      | Noticed lanroth's ghost (amateur HuGl)
  2494 | D:4      | Noticed Duvessa
  2496 | D:4      | Noticed Dowan
  2514 | D:4      | Killed Duvessa
  2514 | D:4      | Reached skill level 6 in Axes
  2514 | D:4      | Reached XP level 6. HP: 40/55 MP: 6/6
  2515 | D:4      | Killed Dowan
  2515 | D:4      | Reached skill level 5 in Fighting
  2573 | D:4      | Noticed Edmund
  2595 | D:4      | Killed Edmund
  2595 | D:4      | Reached skill level 7 in Axes
  2595 | D:4      | Reached XP level 7. HP: 10/61 MP: 7/7
  2722 | D:4      | HP: 3/91 [lanroth's ghost (14)]
  2725 | D:4      | Demolished by lanroth's ghost

Skill      XL: |  1  2  3  4  5  6 |
---------------+-------------------+-----
Dodging        | 2 3 |  3.4
Fighting       | 4 5 |  5.2
Axes           | 5 6 7 |  7.5
Armour         | |  2.5
Stealth        | |  0.5

Action                   |  1- 3 |  4- 6 |  7- 9 || total
-------------------------+-------+-------+-------++-------
Melee: Hand axe          |   101 |   187 |    23 ||   311
Invok: Trog's Hand       |       |     3 |     1 ||     4
       Berserk           |       |     2 |     1 ||     3
  Use: Scroll            |     4 |     5 |       ||     9
 Stab: Sleeping          |     2 |     1 |       ||     3
  Eat: Chunk             |       |     7 |     1 ||     8
Armor: Animal skin       |    30 |    30 |       ||    60
       Leather armour    |       |       |     9 ||     9
Dodge: Dodged            |    69 |   112 |     6 ||   187
